 Dungeon Crawl Stone Soup version 0.29.1-1-gd02db6906a (webtiles) character file.

Game seed: 11701008924734255702

161 NullDivider the Sneak (level 5, -3/31 HPs)
             Began as an Octopode Hedge Wizard on Sept 22, 2022.
             Killed from afar by Sigmund (8 damage)
             ... with a magic dart
             ... on level 4 of the Dungeon.
             The game lasted 00:15:33 (2685 turns).

NullDivider the Sneak (Octopode Hedge Wizard)       Turns: 2685, Time: 00:15:33

Health: -3/31      AC:  1    Str:  9    XL:     5   Next: 42%
Magic:  8/10       EV: 14    Int: 16    God:
Gold:   188        SH:  0    Dex: 20    Spells: 3/11 levels left

rFire   . . .      SeeInvis .   h - +3 dagger
rCold   . . .      Faith    .   (no shield)
rNeg    . . .      Spirit   .   b - +0 hat
rPois   +          Reflect  .   (no amulet)
rElec   .          Harm     .   a - +6 ring of dexterity
rCorr   .          Rampage  .   o - ring of poison resistance
Will    .....                   (no ring)
Stlth   ++++......              (no ring)
HPRegen 0.10/turn               (no ring)
MPRegen 0.12/turn               (no ring)
                                (no ring)
                                (no ring)

@: no status effects
A: almost no armour, amphibious, 8 rings, camouflage 1, gelatinous body 1,
(nimble swimmer 1), tentacles
a: no special abilities


You were on level 4 of the Dungeon.
You visited 1 branch of the dungeon, and saw 4 of its levels.

You collected 188 gold pieces.

Inventory:

Hand Weapons
 h - a +3 dagger (weapon)
Armour
 b - a +0 hat (worn)
Jewellery
 a - a +6 ring of dexterity (left tentacle)
 o - a ring of poison resistance (right tentacle)
Wands
 n - a wand of acid (9)
 p - a wand of polymorph (1)
Scrolls
 d - 2 scrolls of identify {unknown}
 e - a scroll of blinking {unknown}
 f - 2 scrolls of teleportation {unknown}
 i - 2 scrolls of enchant weapon {unknown}
 k - a scroll of poison {unknown}
 q - a scroll of summoning {unknown}
Potions
 c - 2 potions of magic
 g - a potion of mutation {unknown}
 j - a potion of flight {unknown}
 l - 2 potions of curing
 m - a potion of heal wounds {unknown}


   Skills:
 * Level 1.9 Short Blades
 + Level 2.4 Dodging
 * Level 4.2 Stealth
 * Level 3.5 Spellcasting
 - Level 1.5 Conjurations
 + Level 0.5 Hexes
 + Level 1.8 Summonings
 + Level 1.7 Translocations


You had 3 spell levels left.
You knew the following spells:

 Your Spells              Type           Power      Damage    Failure   Level
a - Magic Dart            Conj           28%        1d4       10%         1
b - Call Imp              Summ           8%         N/A       13%         2
c - Blink                 Tloc           16%        N/A       13%         2
d - Dazzling Flash        Conj/Hex       12%        N/A       34%         3

Your spell library contained the following spells:

 Spells                   Type           Power      Damage    Failure   Level
 Slow                     Hex            16%        N/A       14%         1
 Call Canine Familiar     Summ           8%         N/A       26%         3
 Lesser Beckoning         Tloc           8%         N/A       26%         3
 Portal Projectile        Hex/Tloc       12%        N/A       32%         3
 Conjure Flame            Conj/Fire      5%         6-21      36%         3
 Mephitic Cloud           Conj/Pois/Air  4%         N/A       41%         3
 Leda's Liquefaction      Hex/Erth       1%         N/A       83%         4
 Manifold Assault         Tloc           8%         N/A       94%         5
 Agony                    Necr           2%         N/A       99%         5
 Silence                  Hex/Air        1%         N/A       99%         5


Dungeon Overview and Level Annotations

Branches:
Dungeon (4/15)
 Temple: D:4-7

Altars:

Annotations:
D:4 Sigmund


Innate Abilities, Weirdness & Mutations

You cannot wear most types of armour.
You are amphibious.
You can wear up to eight rings at the same time.
Your skin changes colour to match your surroundings (Stealth+).
Your rubbery body absorbs attacks. (AC +1, EV +1)
((You are camouflaged when in or above water. (Stealth+)))
You have tentacles for arms and can constrict up to eight enemies at once.


Message History

An orc priest comes into view. It is wielding a +0 club.
The orc hits your white imp but does no damage.
Your white imp barely misses the orc.
The orc hits your white imp with a +0 club.
Sigmund says, "Look into my eyes."
Sigmund casts a spell.
Sigmund flickers and vanishes!
Deactivating autopickup; reactivate with Ctrl-A.
Your white imp closely misses the orc.
The orc hits your white imp with a +0 club.
Your white imp hits the orc.
Your white imp freezes the orc.
Your magical contamination has completely faded away.
The orc closely misses your white imp.
Your white imp hits the orc.
Your white imp freezes the orc.
The orc dies!
An orc comes into view. It is wielding a +0 flail.
The orc priest calls down the wrath of Beogh upon you.
Beogh smites you!
Your white imp gestures at the orc priest.
The puff of frost hits something!
Something barely misses your white imp.
Your white imp hits something but does no damage.
Your white imp gestures at the orc priest.
The puff of frost hits the orc priest.
Something barely misses your white imp.
Your white imp closely misses something.
Something hits your white imp!
Your white imp dies!
Your white imp disappears in a puff of smoke!
Casting: Call Imp (safe; 13% risk of failure)
Confirm with . or Enter, or press ? or * to list all spells.
A beastly little devil appears in a puff of flame.
Your crimson imp blinks!
Something hits you!
* * * LOW HITPOINT WARNING * * *
Something completely misses your crimson imp.
Your crimson imp blinks!
A magic dart appears from out of thin air!
The magic dart hits you!
You die...

### ######.#
#.5§...#
##{###.# #.#
#.#########
#.#
#..5{.....#
#.#
#########@#
#.# #.# #o#
#.# #o# #.#
#)####.##
#.#
#o...o...
#.#
.$..†.#.####
#.# ......#
.. ..#
....... ##


You could see a friendly crimson imp (summoned).

Vanquished Creatures
  Natasha (thrice) (D:2)
  A gnoll (D:3)
  An adder (D:2)
  A worm (D:2)
  2 dart slugs
  An orc (D:4)
  A ball python (D:2)
  4 bats
  9 endoplasms
  A giant cockroach (D:1)
  A goblin (D:1)
  8 hobgoblins
  13 kobolds
  2 quokkas (D:2)
  4 frilled lizards
  2 rats (D:2)
54 creatures vanquished.

Vanquished Creatures (collateral kills)
  An orc (D:4)
1 creature vanquished.

Vanquished Creatures (others)
  2 fungi (D:2)
  5 toadstools (D:2)
7 creatures vanquished.

Grand Total: 62 creatures vanquished

Notes
Turn   | Place    | Note
-------+----------+-------------------------------------------
     0 | D:1      | NullDivider the Octopode Hedge Wizard began the quest for
                  | the Orb.
     0 | D:1      | Reached XP level 1. HP: 11/11 MP: 4/4
   593 | D:1      | Reached XP level 2. HP: 15/17 MP: 6/6
   596 | D:1      | Reached skill level 3 in Stealth
   634 | D:1      | Learned a level 2 spell: Call Imp
   637 | D:1      | Learned a level 2 spell: Blink
   816 | D:1      | Found a faded altar of an unknown god.
  1258 | D:1      | Reached XP level 3. HP: 21/21 MP: 7/7
  1389 | D:2      | Reached skill level 1 in Short Blades
  1448 | D:2      | Noticed Natasha
  1465 | D:2      | Killed Natasha
  1544 | D:2      | Noticed Natasha
  1552 | D:2      | Killed Natasha
  1553 | D:2      | Reached XP level 4. HP: 22/27 MP: 1/9
  1647 | D:2      | Noticed Natasha
  1769 | D:2      | Learned a level 3 spell: Dazzling Flash
  2057 | D:2      | Killed Natasha
  2058 | D:2      | Reached skill level 4 in Stealth
  2058 | D:2      | Reached XP level 5. HP: 31/31 MP: 6/10
  2647 | D:4      | Noticed Sigmund
  2685 | D:4      | Killed from afar by Sigmund

Illustrated notes

Levels and vault maps discovered:
D:1:      minmay_arrival_arboretum_small, layout_rooms,
          hellmonk_ecumenical_altar_inner_sanctum, serial_aquarium,
          aquarium_bridge_square [aquarium_subvault_window,
          aquarium_subvault_balcony, aquarium_subvault_bridge,
          aquarium_subvault_bridge], aquarium_bridge_square
          [aquarium_subvault_window, aquarium_subvault_bridge,
          aquarium_subvault_bridge, aquarium_subvault_bridge],
          aquarium_window_corner, aquarium_window_corridor_1, aquarium_window_2,
          aquarium_window_fake, aquarium_view_2b, aquarium_balcony_5b
D:2:      layout_basic, minmay_gold_behind_fungi, minmay_goblin_kobold_house,
          uniq_natasha
D:3:      cheibrodos_thug_alley, layout_basic, mainiacjoe_overflow_alcove_1,
          mainiacjoe_overflow_chevrons, minmay_fractal_squares_gapless_5
D:4:      layout_basic, minmay_temple_entry_statues_fountains, serial_shops,
          nicolae_shop_waterfront, nicolae_take_the_stairs, shop,
          nicolae_shop_behind_doors, kennysheep_mini, supply_closet_lemuel,
          uniq_sigmund

Skill      XL: |  1  2  3  4 |
---------------+-------------+-----
Stealth        | 3 4 |  4.2
Short Blades   | 1 |  1.9
Dodging        | |  2.4
Spellcasting   | |  3.5
Conjurations   | |  1.5
Hexes          | |  0.5
Summonings     | |  1.8
Translocations | |  1.7

Action                   |  1- 3 |  4- 6 || total
-------------------------+-------+-------++-------
Melee: Dagger            |    52 |    41 ||    93
       Constrict         |     9 |    12 ||    21
       Tentacles         |     6 |     7 ||    13
       Punch             |     1 |       ||     1
       Unarmed           |     1 |     7 ||     8
 Cast: Magic Dart        |    21 |    24 ||    45
       Call Imp          |       |     3 ||     3
       Blink             |       |     1 ||     1
 Stab: Sleeping          |     8 |     4 ||    12
Armor: Skin              |    11 |     2 ||    13
Dodge: Dodged            |    21 |    25 ||    46
